 Dungeon Crawl Stone Soup version 0.28.0-45-g0d030f2227 (webtiles) character file.

Game seed: 6910947040461927692

53 nickcage the Firebug (level 3, -2/19 HPs)
             Began as a Deep Elf Fire Elementalist on Apr 4, 2022.
             Slain by a gnoll
             ... wielding a +0 whip
              (5 damage)
             ... on level 1 of the Dungeon.
             The game lasted 00:03:53 (2174 turns).

nickcage the Firebug (Deep Elf Fire Elementalist)   Turns: 2174, Time: 00:03:54

Health: -2/19      AC:  2    Str: 11    XL:     3   Next: 62%
Magic:  3/9        EV: 12    Int: 21    God:
Gold:   34         SH:  0    Dex: 15    Spells: 5/8 levels left

rFire   . . .      SeeInvis .   d - +0 club
rCold   . . .      Faith    .   (no shield)
rNeg    . . .      Spirit   .   a - +0 robe
rPois   .          Reflect  .   (no helmet)
rElec   .          Harm     .   (no cloak)
rCorr   .          Rampage  .   (no gloves)
Will    .....                   (no boots)
Stlth   ++........              f - amulet of regeneration
HPRegen 0.86/turn               c - +6 ring of strength
MPRegen 0.11/turn               (no ring)

@: no status effects
A: no striking features
a: no special abilities


You were on level 1 of the Dungeon.
You visited 1 branch of the dungeon, and saw 2 of its levels.

You collected 34 gold pieces.

Inventory:

Hand Weapons
 d - a +0 club (weapon)
Armour
 a - a +0 robe (worn)
Jewellery
 c - a +6 ring of strength (left hand)
 f - an amulet of regeneration (around neck)
Potions
 b - a potion of curing {unknown}
 e - a potion of attraction {unknown}
 g - a potion of heal wounds {unknown}
 h - a potion of haste {unknown}


   Skills:
 - Level 2.4 Dodging
 - Level 2.4 Stealth
 - Level 3.0 Spellcasting
 - Level 1.1 Conjurations
 + Level 5.1 Fire Magic


You had 5 spell levels left.
You knew the following spells:

 Your Spells              Type           Power      Damage    Failure   Level
a - Foxfire               Conj/Fire      64%        2x1d7     3%          1
b - Scorch                Fire           48%        2d7       2%          2

Your spell library contained the following spells:

 Spells                   Type           Power      Damage    Failure   Level
 Conjure Flame            Conj/Fire      16%        6-21      11%         3
 Inner Flame              Hex/Fire       14%        N/A       14%         3
 Corpse Rot               Necr/Air       6%         N/A       21%         2
 Flame Wave               Conj/Fire      16%        2d6       36%         4
 Dispel Undead            Necr           3%         3d7       78%         4
 Death Channel            Necr           1%         N/A       100%        6


Dungeon Overview and Level Annotations

Branches:
Dungeon (2/15)

Altars:


Message History

Your Fire Magic skill increases to level 5!
A rat comes into view.
Flames lash the gnoll.
The gnoll is moderately wounded.
The gnoll's fire resistance burns away.
Flames lash the gnoll.
The gnoll is moderately wounded.
The gnoll is no longer more vulnerable to fire.
There is a stone staircase leading up here.
You climb upwards.
There is a stone staircase leading down here.
You start resting.
Magic restored.
You climb downwards.
The gnoll hits you with a +0 whip!
The rat twitches its whiskers.
The gnoll hits you with a +0 whip.
There is a stone staircase leading up here.
The gnoll hits you with a +0 whip.
* * * LOW HITPOINT WARNING * * *
The rat bites you but does no damage.
You climb upwards.
There is a stone staircase leading down here.
The gnoll closely misses you.
Flames lash the rat.
You kill the rat!
The gnoll hits you with a +0 whip.
You are too injured to fight recklessly!
Casting: Scorch (safe; 2% risk of failure)
Press: ? - help, Q - select action, (/) - cycle Dir - look around, f - activate Flames lash the gnoll.
The gnoll is severely wounded.
The gnoll's fire resistance burns away.
The gnoll hits you with a +0 whip.
* * * LOW HITPOINT WARNING * * *
Casting: Scorch (safe; 2% risk of failure)
Press: ? - help, Q - select action, (/) - cycle Dir - look around, f - activate Flames lash the gnoll.
The gnoll is burned terribly!
The gnoll is almost dead.
The gnoll hits you with a +0 whip.
You die...

....# #.....#
#......##..######.
....####.....#
#...##.....#......
....#.......##
#...##..#..#.#####
..#.#.......#
#...#...#.........
#.#.#.......#
#..######..#....##
#.#.#.......#
#..#≈≈≈≈#........#
#.#.........#
#..#≈≈≈≈#.#..#.#..
#.#.##+######
#..+≈≈≈≈'.######## #.#.##.#
#@##≈≈≈≈#......... #.####.#
#g##≈≈≈≈#......... #.#
#.#########.#######........#
÷.#
#.##......#.##.............#
###
#.##.............(..........
#
#.##......>....###...#####..
# ###'######.......# #####
#.. # #................#
#######.. #
#..........##.#### #........


You could see a gnoll (combustible).

Vanquished Creatures
  A gnoll (D:2)
  An adder (D:2)
  2 endoplasms (D:1)
  4 giant cockroaches
  2 goblins
  4 hobgoblins (D:1)
  2 quokkas (D:1)
  3 ball pythons (D:1)
  5 bats (D:1)
  3 frilled lizards (D:1)
  4 kobolds (D:1)
  3 rats
34 creatures vanquished.

Vanquished Creatures (others)
  14 foxfires (D:1)
14 creatures vanquished.

Grand Total: 48 creatures vanquished

Notes
Turn   | Place    | Note
-------+----------+-------------------------------------------
     0 | D:1      | nickcage the Deep Elf Fire Elementalist began the quest for
                  | the Orb.
     0 | D:1      | Reached XP level 1. HP: 10/10 MP: 6/6
   580 | D:1      | Reached skill level 4 in Fire Magic
   580 | D:1      | Reached XP level 2. HP: 15/15 MP: 6/8
   583 | D:1      | Learned a level 2 spell: Scorch
  1305 | D:1      | Found a faded altar of an unknown god.
  1566 | D:1      | Reached XP level 3. HP: 19/19 MP: 6/9
  2077 | D:2      | Reached skill level 5 in Fire Magic
  2174 | D:1      | Slain by a gnoll

Illustrated notes

Levels and vault maps discovered:
D:1:      dpeg_arrival_tiny_b, layout_basic, serial_rivers,
          chequers_serial_rivers_room_b, chequers_serial_rivers_micro_d,
          chequers_serial_rivers_room_b, chequers_serial_rivers_micro_d,
          dreamdust_ecumenical_altar_angels_and_demons
D:2:      layout_basic

Skill      XL: |  1  2  3 |
---------------+----------+-----
Fire Magic     | 4 5 |  5.1
Dodging        | |  2.4
Stealth        | |  2.4
Spellcasting   | |  3.0
Conjurations   | |  1.1

Action                   || total
-------------------------++-------
Melee: Club              ||    11
       Unarmed           ||     3
       Punch             ||     1
 Cast: Foxfire           ||     8
       Scorch            ||    33
 Stab: Sleeping          ||     4
Armor: Robe              ||     5
Dodge: Dodged            ||    19
